 Dungeon Crawl Stone Soup version 0.23.2-40-g277498a001 (webtiles) character file.

Game seed: 17934419684217812159

410 MalarOregon the Ruffian (level 6, 0/51 HPs)
             Began as a Draconian Transmuter on Sept 15, 2019.
             Slain by a gnoll sergeant
             ... wielding a +6 spear of venom
              (13 damage)
             ... on level 3 of the Dungeon.
             The game lasted 00:08:33 (4422 turns).

MalarOregon the Ruffian (Draconian Transmuter)      Turns: 4422, Time: 00:08:33

Health: 0/51       AC:  2    Str: 12    XL:     6   Next: 58%
Magic:  4/10       EV: 21    Int: 16    God:
Gold:   263        SH:  0    Dex: 16    Spells: 5/11 levels left

rFire    . . .     SeeInvis .     - Unarmed
rCold    . . .     Gourm    .   (shield currently unavailable)
rNeg     . . .     Faith    .   (armour unavailable)
rPois    x         Spirit   .   (helmet currently unavailable)
rElec    .         Reflect  .   (cloak currently unavailable)
rCorr    .         Harm     .   (gloves currently unavailable)
MR       .....                  (boots currently unavailable)
Stlth    +.........             (no amulet)
HPRegen  0.17/turn              (no ring)
MPRegen  0.12/turn              (no ring)

@: spider-form
A: tiny, unfitting armour, AC +6
a: End Transformation


You were on level 3 of the Dungeon.
You were not hungry.
You were a venomous arachnid creature.
You visited 1 branch of the dungeon, and saw 3 of its levels.

You collected 263 gold pieces.

Inventory:

Missiles
 a - 49 arrows
 d - 2 throwing nets {!f}
 q - 3 javelins (quivered)
Armour
 k - a +0 pair of gloves (melded)
   (You found it on level 1 of the Dungeon)
 o - a cursed +0 buckler (melded)
   (You found it on level 2 of the Dungeon)
 r - a +0 hat (melded)
   (You found it on level 2 of the Dungeon)
Jewellery
 b - a cursed +3 ring of strength {unknown}
   (You found it on level 2 of the Dungeon)
Scrolls
 c - 2 scrolls of fear {unknown}
 f - a scroll of random uselessness {unknown}
 g - a scroll of fog {unknown}
 j - 2 scrolls of identify {unknown}
 l - 4 scrolls of teleportation {unknown}
 n - a scroll of immolation {unknown}
Potions
 h - 2 potions of degeneration {unknown}
 i - a potion of brilliance {unknown}
 m - a potion of lignification {unknown}
 p - 2 potions of mutation {unknown}
Comestibles
 e - 8 rations {!d}
 s - 5 chunks of flesh


   Skills:
 + Level 3.1 Fighting
 + Level 3.1 Dodging
 + Level 2.2 Shields
 + Level 4.1 Unarmed Combat
 + Level 3.1 Spellcasting
 + Level 3.3 Transmutations


You had 5 spell levels left.
You knew the following spells:

 Your Spells              Type           Power        Failure   Level  Hunger
a - Beastly Appendage     Tmut           ##....       14%         1    None
s - Sticks to Snakes      Tmut           ##......     19%         2    ##.....
x - Spider Form           Tmut/Pois      #.........   50%         3    ###....

Your spell library contained the following spells:

 Spells                   Type           Power        Failure   Level  Hunger
 Ice Form                 Ice/Tmut       #.......     85%         4    ####...
 Blade Hands              Tmut           ##........   90%         5    ######.


Dungeon Overview and Level Annotations

Branches:
Dungeon (3/15)

Altars:
Cheibriados
Gozag
Trog


Innate Abilities, Weirdness & Mutations

((Your plain brown scales are hard. (AC +6)))
You cannot fit into any form of body armour.
((You are cold-blooded and may be slowed by cold attacks.))


Message History

Things that are here:
a +0 halberd; a gnoll skeleton You start resting.
Your horns disappear.
Your magical contamination has completely faded away.
A gnoll comes into view. It is wielding a +0 spear.
Your feet morph into talons.
The gnoll shouts!
You hear a shout!
The gnoll hits you with a +0 spear.
* * * LOW HITPOINT WARNING * * *
You barely miss the gnoll. Your kick misses the gnoll.
The gnoll hits you with a +0 spear.
* * * LOW HITPOINT WARNING * * *
You punch the gnoll! Your kick misses the gnoll.
The gnoll hits you but does no damage.
You barely miss the gnoll. You tail-slap the gnoll.
The gnoll barely misses you.
You hit the gnoll. You claw the gnoll.
You kill the gnoll!
There is an open door, spattered with blood here.
Things that are here:
a +0 spear; a +0 halberd; a gnoll skeleton There isn't anything to butcher here.
You start resting.
A gnoll comes into view. It is wielding a +0 halberd.
A gnoll is nearby!
You completely miss the gnoll. You claw the gnoll.
Your transformation is almost over.
The gnoll misses you.
You barely miss the gnoll.
Your tail-slap misses the gnoll.
The gnoll closely misses you.
A gnoll sergeant comes into view.
It is wielding a +6 spear of venom and wearing a +0 scale mail of cold resistance.
Unknown command.
You barely miss the gnoll.
The gnoll sergeant shouts!
Your kick misses the gnoll. The gnoll closely misses you.
You closely miss the gnoll. The gnoll barely misses you.
You closely miss the gnoll. You closely miss the gnoll.
You claw the gnoll, but do no damage. The gnoll closely misses you.
Your talons disappear.
You turn into a venomous arachnid creature.
Your +0 hat melds into your body.
Your +0 pair of gloves melds into your body.
Your cursed +0 buckler melds into your body.
The gnoll misses you.
Unknown command.
You hit the gnoll.
The gnoll is poisoned.
The gnoll closely misses you.
The gnoll sergeant hits you from afar with a +6 spear of venom!
You die...

#...P≈≈#...##################
#....≈≈###'#....g).......
#....≈≈≈.#.#....###'#####
#.P..≈≈≈.#.#....# ..
#....≈≈≈.#.###'## ...
###.[..≈≈≈.#......# .g.
###.#....≈≈≈.#..)...# ..
†.(.#....≈≈≈.#)##################
###.#....≈≈≈.#.#s.g........#....#
....#)...≈≈≈.#.g...))......'....'
###.#...P≈≈###'#...........#....#
#.#....≈≈#...#############''''#
###.#....≈≈#...#.................
#...#....≈≈#####≈≈≈≈≈≈≈≈≈≈≈≈....≈
#.###....≈≈≈≈≈≈≈≈≈≈≈≈≈≈≈≈≈≈≈....≈
..>.#....≈≈≈≈≈≈≈≈≈≈≈≈≈≈≈≈≈≈≈....)
#####.....P...............).÷...[


You could see a gnoll sergeant and a gnoll.

Vanquished Creatures
  3 gnoll shamans (D:3)
  23 gnolls (D:3)
  3 adders
  An ooze (D:2)
  A worm (D:2)
  A dart slug (D:1)
  An orc (D:3)
  5 bats
  A giant cockroach (D:1)
  4 goblins
  4 hobgoblins
  14 jackals (D:3)
  2 quokkas (D:2)
  A ball python (D:1)
  3 frilled lizards
  5 kobolds
  4 rats
76 creatures vanquished.

Vanquished Creatures (collateral kills)
  A gnoll (D:2)
1 creature vanquished.

Vanquished Creatures (others)
  4 toadstools (D:1)
4 creatures vanquished.

Grand Total: 81 creatures vanquished

Notes
Turn   | Place    | Note
-------+----------+-------------------------------------------
     0 | D:1      | MalarOregon the Draconian Transmuter began the quest for
                  | the Orb.
     0 | D:1      | Reached XP level 1. HP: 16/16 MP: 3/3
   426 | D:2      | Reached XP level 2. HP: 23/23 MP: 5/5
   516 | D:2      | Learned a level 2 spell: Sticks to Snakes
   944 | D:2      | Reached XP level 3. HP: 17/29 MP: 4/6
  1359 | D:2      | Found a snail-covered altar of Cheibriados.
  2163 | D:3      | Reached XP level 4. HP: 20/36 MP: 7/7
  2349 | D:3      | Found an opulent altar of Gozag.
  2391 | D:3      | Found a bloodstained altar of Trog.
  3062 | D:3      | Learned a level 3 spell: Spider Form
  3194 | D:3      | Reached skill level 1 in Shields
  3196 | D:3      | Reached XP level 5. HP: 34/42 MP: 4/8
  3601 | D:3      | HP: 2/42 [gnoll/+0 spear (3)]
  3932 | D:3      | Reached XP level 6. HP: 25/50 MP: 6/10
  4250 | D:3      | Reached skill level 4 in Unarmed Combat
  4422 | D:3      | Slain by a gnoll sergeant

Skill      XL: |  1  2  3  4  5  6 |
---------------+-------------------+-----
Dodging        | 2 3 |  3.1
Fighting       | 2 3 |  3.1
Shields        | 1 2 |  2.2
Transmutations | 3 |  3.3
Spellcasting   | 3 |  3.1
Unarmed Combat | 4 |  4.1

Action                   |  1- 3 |  4- 6 || total
-------------------------+-------+-------++-------
Melee: Unarmed           |    97 |   232 ||   329
       Kick              |     7 |    11 ||    18
       Tailslap          |     4 |    12 ||    16
       Headbutt          |     7 |     5 ||    12
       Punch             |     1 |       ||     1
Throw: Javelin           |    34 |       ||    34
 Cast: Beastly Appendage |    14 |    13 ||    27
       Sticks to Snakes  |     2 |       ||     2
       Spider Form       |       |    13 ||    13
  Eat: Chunk             |     3 |    11 ||    14
Armor: Skin              |    28 |    47 ||    75
Dodge: Dodged            |    50 |   180 ||   230
Block: Buckler           |     6 |    25 ||    31
